 Dungeon Crawl Stone Soup version 0.28.0-53-g5a82cb258f (webtiles) character file.

Game seed: 3974198284137715449

8 protoss039 the Digger (level 2, 8/20 HPs)
             Began as a Demonspawn Earth Elementalist on June 16, 2022.
             Got out of the dungeon alive.
             The game lasted 00:00:45 (1143 turns).

protoss039 the Digger (DsEE)                        Turns: 1143, Time: 00:00:46

Health: 8/20       AC:  2    Str:  8    XL:     2   Next: 0%
Magic:  5/5        EV: 12    Int: 16    God:
Gold:   34         SH:  0    Dex: 13    Spells: 4/5 levels left

rFire   . . .      SeeInvis .   a - +0 short sword
rCold   . . .      Faith    .   (no shield)
rNeg    . . .      Spirit   .   b - +0 robe
rPois   .          Reflect  .   (helmet restricted)
rElec   .          Harm     .   (no cloak)
rCorr   .          Rampage  .   (no gloves)
Will    .....                   (no boots)
Stlth   ++........              (no amulet)
HPRegen 0.06/turn               (no ring)
MPRegen 0.09/turn               (no ring)

@: no status effects
A: horns 1
a: no special abilities


You escaped.
You visited 1 branch of the dungeon, and saw 1 of its levels.

You collected 34 gold pieces.

Inventory:

Hand Weapons
 a - a +0 short sword (weapon)
Missiles
 c - 43 stones
Armour
 b - a +0 robe (worn)


   Skills:
 * Level 0.8 Fighting
 + Level 0.4 Armour
 - Level 1.7 Dodging
 - Level 1.7 Stealth
 + Level 2.1 Spellcasting
 - Level 1.0 Transmutations
 + Level 2.7 Earth Magic


You had 4 spell levels left.
You knew the following spells:

 Your Spells              Type           Power      Damage    Failure   Level
a - Sandblast             Erth           20%        2d7       7%          1

Your spell library contained the following spells:

 Spells                   Type           Power      Damage    Failure   Level
 Passwall                 Tmut/Erth      5%         N/A       14%         2
 Stone Arrow              Conj/Erth      12%        3d7       34%         3
 Petrify                  Tmut/Erth      7%         N/A       67%         4


Dungeon Overview and Level Annotations

Branches:
Dungeon (1/15)

Altars:


Innate Abilities, Weirdness & Mutations

You have a pair of small horns on your head.


Message History

You are too injured to fight recklessly!
You are too injured to fight recklessly!
You are too injured to fight recklessly!
An endoplasm is nearby!
An endoplasm is nearby!
Casting: Sandblast (safe; 7% risk of failure)
Confirm with . or Enter, or press ? or * to list all spells.
Aiming: Sandblast (safe; 7% risk of failure)
Press: ? - help, Shift-Dir - straight line, f - endoplasm
Aim: an endoplasm (lightly wounded, 98% to hit)
The blast of sand hits the endoplasm.
The endoplasm is heavily wounded.
The endoplasm freezes you.
You are frozen.
* * * LOW HITPOINT WARNING * * *
Casting: Sandblast (safe; 7% risk of failure)
Confirm with . or Enter, or press ? or * to list all spells.
Aiming: Sandblast (safe; 7% risk of failure)
Press: ? - help, Shift-Dir - straight line, f/p - endoplasm
Aim: an endoplasm (heavily wounded, 98% to hit)
The blast of sand hits the endoplasm!
You kill the endoplasm!
You have reached level 2!
You feel monstrous as your demonic heritage exerts itself.
Your demonic ancestry asserts itself...
A pair of horns grows on your head!
Unknown command.
Unknown command.
You now have 34 gold pieces (gained 9).
There are no items here.
You start resting.
Magic restored.
You see here a +0 club.
You enter the shallow water.
Moving in this stuff is going to be slow.
There is a staircase leading out of the dungeon here.
Are you sure you want to leave the Dungeon?
This will make you lose the game! [Y]es or [N]o only, please.
Are you sure you want to leave the Dungeon?
This will make you lose the game!
You have escaped!

>...#.######.≈≈≈≈.### #
###.#.#.........≈...#.#
..#.#.#########.≈≈≈.#.#
#.#.#.#...........≈...#
#.#.#.#.###.≈≈≈≈≈.≈≈≈.#
..#+#...#...≈...≈...≈.#
......###.≈≈≈.≈.≈≈≈.≈.#.
......#...≈...≈.....≈...
......#.≈≈≈.≈≈≈.@.≈≈≈.≈≈
......#.≈...≈.....≈...≈.
......#.≈.#.≈.≈≈≈.≈.≈≈≈.
......≈≈≈.#.≈...≈...≈...
#####.≈...#.≈≈≈.≈≈≈≈≈.##
#.≈.#.#...≈.........
#.≈.#.#.#.≈≈≈.######
#.≈.#.#.#...≈.. #.≈.#.#


There were no monsters in sight!

Vanquished Creatures
  2 endoplasms (D:1)
  2 hobgoblins (D:1)
  2 bats (D:1)
  A kobold (D:1)
  A rat (D:1)
8 creatures vanquished.

Notes
Turn   | Place    | Note
-------+----------+-------------------------------------------
     0 | D:1      | protoss039 the Demonspawn Earth Elementalist began the
                  | quest for the Orb.
     0 | D:1      | Reached XP level 1. HP: 13/13 MP: 3/3
   220 | D:1      | Reached skill level 1 in Transmutations
  1037 | D:1      | Discovered your monstrous ancestry.
  1037 | D:1      | Gained mutation: You have a pair of small horns on your
                  | head. [demonic ancestry]
  1037 | D:1      | Reached XP level 2. HP: 2/20 MP: 1/5
  1143 | D:$      | Got out of the dungeon alive.

Illustrated notes

Levels and vault maps discovered:
D:1:      psy_arrival_radial02, layout_basic

Skill      XL: |  1 |
---------------+----+-----
Transmutations | 1 |  1.0
Fighting       | |  0.8
Armour         | |  0.4
Dodging        | |  1.7
Stealth        | |  1.7
Spellcasting   | |  2.1
Earth Magic    | |  2.7

Action                   || total
-------------------------++-------
Melee: Short sword       ||    42
 Cast: Sandblast         ||     9
 Stab: Sleeping          ||     2
Armor: Robe              ||    14
Dodge: Dodged            ||    35
